 Dungeon Crawl Stone Soup version 0.26-a0-598-g61e6210cf4 (webtiles) character file.

Game seed: 1034015155558118959

33 Conn the Magician (level 3, 0/21 HPs)
             Began as an Octopode Hedge Wizard on Aug 28, 2020.
             Succumbed to an adder's poison
             ... on level 1 of the Dungeon.
             The game lasted 00:03:25 (1328 turns).

Conn the Magician (Octopode Hedge Wizard)           Turns: 1328, Time: 00:03:26

Health: 0/21       AC:  1    Str:  9    XL:     3   Next: 29%
Magic:  5/8        EV: 13    Int: 17    God:
Gold:   31         SH:  0    Dex: 11    Spells: 4/9 levels left

rFire    . . .     SeeInvis .   a - +0 dagger
rCold    . . .     Faith    .   (no shield)
rNeg     . . .     Spirit   .   b - +0 hat
rPois    .         Reflect  .   (no amulet)
rElec    .         Harm     .   (no ring)
rCorr    .                      (no ring)
MR       .....                  (no ring)
Stlth    +++.......             (no ring)
HPRegen  0.07/turn              (no ring)
MPRegen  0.11/turn              (no ring)
                                (no ring)
                                (no ring)

@: lethally poisoned (0 -> -4)
A: almost no armour, stealthy swim, amphibious, 8 rings, constrict 8, camouflage
1, gelatinous body 1
a: no special abilities


You were on level 1 of the Dungeon.
You visited 1 branch of the dungeon, and saw 2 of its levels.

You collected 31 gold pieces.

Inventory:

Hand Weapons
 a - a +0 dagger (weapon)
Armour
 b - a +0 hat (worn)
Scrolls
 d - a scroll of identify {unknown}
 e - 2 scrolls of enchant armour {unknown}
 f - a scroll of blinking {unknown}
Potions
 g - a potion of stabbing


   Skills:
 + Level 0.2 Short Blades
 + Level 2.3 Dodging
 + Level 3.2 Stealth
 + Level 3.7 Spellcasting
 + Level 1.0 Conjurations
 + Level 1.0 Summonings
 + Level 1.0 Translocations


You had 4 spell levels left.
You knew the following spells:

 Your Spells              Type           Power        Failure   Level
a - Magic Dart            Conj           #...         11%         1
b - Blink                 Tloc           N/A          16%         2
c - Call Imp              Summ           #.......     16%         2

Your spell library contained the following spells:

 Spells                   Type           Power        Failure   Level
 Slow                     Hex            #.......     24%         2
 Conjure Flame            Conj/Fire      #.......     36%         3
 Mephitic Cloud           Conj/Pois/Air  #.......     38%         3


Dungeon Overview and Level Annotations

Branches:
Dungeon (2/15)

Altars:


Innate Abilities, Weirdness & Mutations

You cannot wear most types of armour.
You are very stealthy in the water. (Stealth+)
You are amphibious.
You can wear up to eight rings at the same time.
You can use your tentacles to constrict eight enemies at once.
Your skin changes colour to match your surroundings (Stealth+).
Your rubbery body absorbs attacks. (AC +1, EV +1)


Message History

You feel sick.
Unknown command.
Casting: Blink (safe; 17% risk of failure)
Confirm with . or Enter, or press ? or * to list all spells.
A metallic apparition takes form in the air.
* * * LOW HITPOINT WARNING * * *
You feel sick.
Your iron imp closely misses the hobgoblin.
* * * LOW HITPOINT WARNING * * *
You feel sick.
Your iron imp hits the adder!
The adder dies!
* * * LOW HITPOINT WARNING * * *
You feel sick.
Okay, then.
Okay, then.
* * * LOW HITPOINT WARNING * * *
You feel sick.
* * * LOW HITPOINT WARNING * * *
You feel sick.
You die...

######## #######......#
#####.......####.# ###
.......####.####.#####.##
.####..###..............#
.##......#..#.##.#####.##
.##.#..#.#.......# #.#
.##.#..#......##@# #.#
............####.# #(#
##..####.#.#####g# ##.##
#..####.#.w.....# ##)†.##
#....##.#......## #...#.#
#.##.##.#......# ##.#.##
#.##.##.#.....5# #..##
#.......#......######.#
##...####...........#.#


You could see a hobgoblin and a friendly iron imp (summoned).

Vanquished Creatures
  An adder (D:1)
  An ooze (D:1)
  5 hobgoblins (D:1)
  A ball python (D:1)
  2 bats (D:1)
  3 frilled lizards (D:1)
  2 goblins
  2 rats (D:1)
17 creatures vanquished.

Vanquished Creatures (collateral kills)
  An adder (D:1)
  A kobold (D:1)
2 creatures vanquished.

Grand Total: 19 creatures vanquished

Notes
Turn   | Place    | Note
-------+----------+-------------------------------------------
     0 | D:1      | Conn the Octopode Hedge Wizard began the quest for the Orb.
     0 | D:1      | Reached XP level 1. HP: 11/11 MP: 4/4
   230 | D:1      | Reached XP level 2. HP: 7/17 MP: 6/6
   983 | D:1      | Learned a level 2 spell: Blink
   986 | D:1      | Learned a level 2 spell: Call Imp
  1211 | D:1      | Reached XP level 3. HP: 21/21 MP: 0/8
  1322 | D:1      | HP: 1/21 [poisoned by an adder]
  1328 | D:1      | Succumbed to an adder's poison

Illustrated notes

Levels and vault maps discovered:
D:1:      tarquinn_simple_flora_water_a, layout_loops_cross
D:2:      layout_basic, lemuel_round_altar, nicolae_underground_beach,
          uniq_crazy_yiuf_cottage, uniq_terence

Skill      XL: |  1  2 |
---------------+-------+-----
Stealth        | 3 |  3.2
Short Blades   | |  0.2
Dodging        | |  2.3
Spellcasting   | |  3.7
Conjurations   | |  1.0
Summonings     | |  1.0
Translocations | |  1.0

Action                   || total
-------------------------++-------
Melee: Dagger            ||    29
       Constrict         ||     5
       Tentacles         ||     1
 Cast: Magic Dart        ||    13
       Blink             ||     2
       Call Imp          ||     2
  Use: Potion            ||     3
 Stab: Sleeping          ||     9
Armor: Skin              ||     1
Dodge: Dodged            ||    14

Table legend: (Time is in decaauts)
 A = Elapsed time spent in this place.
 B = Non-inter-level travel time spent in this place.
 C = Inter-level travel time spent in this place.
 D = Time resting spent in this place.
 E = Time spent auto-exploring this place.
 F = Levels seen in this place.
 G = Mean time per level.
                   A        B        C        D        E       F      G
               +--------+--------+--------+--------+--------+-----+--------+
         Total |   1339 |   1318 |     21 |    279 |    691 |   2 |  669.5 |
       Dungeon |   1339 |   1318 |     21 |    279 |    691 |   2 |  669.5 |
               +--------+--------+--------+--------+--------+-----+--------+

Top non-repeatable levels by time:
     D:1: 1259 daAuts
     D:2: 79 daAuts
